 Dungeon Crawl Stone Soup version 0.30.1-9-gdf580d7c3d (webtiles) character file.

Game seed: 12087158557893497768

53 Raikaria the Gusty (level 3, -3/31 HPs)
             Began as an Ogre Air Elementalist on Sept 29, 2023.
             Slain by a goblin
             ... wielding a +0 club
             ... led by Robin
              (4 damage)
             ... on level 2 of the Dungeon.
             The game lasted 00:05:20 (1452 turns).

Raikaria the Gusty (Ogre Air Elementalist)          Turns: 1452, Time: 00:05:22

Health: -3/31      AC:  3    Str: 12    XL:     3   Next: 87%
Magic:  1/7        EV:  9    Int: 18    God:
Gold:   72         SH:  0    Dex:  9    Spells: 4/8 levels left

rFire   . . .        c - +0 whip
rCold   . . .        (no shield)
rNeg    . . .        a - +0 robe
rPois   .            (helmet restricted)
rElec   .            (no cloak)
rCorr   .            (gloves unavailable)
SInv    .            (boots unavailable)
Will    .....        i - amulet of regeneration
Stlth   +            (no ring)
HPRegen 1.05/turn    (no ring)
MPRegen 0.10/turn

%: no passive effects
@: no status effects
A: large, unfitting armour, tough skin 1
a: no special abilities


You were on level 2 of the Dungeon.
You visited 1 branch of the dungeon, and saw 3 of its levels.

You collected 72 gold pieces.

Inventory:

Hand Weapons
 c - a +0 whip (weapon)
Armour
 a - a +0 robe (worn)
Jewellery
 i - an amulet of regeneration (around neck)
Scrolls
 e - 3 scrolls of identify {unknown}
 f - a scroll of magic mapping {unknown}
 g - 2 scrolls of amnesia {unknown}
 h - a scroll of blinking {unknown}
Potions
 b - a potion of magic
 d - 2 potions of flight {unknown}
 j - 2 potions of might {unknown}
 k - a potion of curing
 l - a potion of heal wounds {unknown}


   Skills:
 - Level 0.1 Maces & Flails
 - Level 1.7 Dodging
 - Level 1.4 Stealth
 + Level 3.0 Spellcasting
 + Level 1.4 Conjurations
 + Level 3.7 Air Magic


You had 4 spell levels left.
You knew the following spells:

 Your Spells              Type           Power      Damage    Failure   Level
a - Shock                 Conj/Air       44%        1d5       6%          1
b - Swiftness             Air            16%        N/A       11%         3

Your spell library contained the following spells:

 Spells                   Type           Power      Damage    Failure   Level
 Static Discharge         Conj/Air       22%        2-3/arc   9%          2
 Momentum Strike          Conj/Tloc      10%        3d8       19%         2
 Blink                    Tloc           4%         N/A       24%         2
 Lesser Beckoning         Tloc           4%         N/A       24%         2
 Airstrike                Air            8%         2d(2-18)  34%         4


Dungeon Overview and Level Annotations

Branches:
Dungeon (3/15)

Altars:

Annotations:
D:2 Robin


Innate Abilities, Weirdness & Mutations

You are too large for most types of armour.
You have tough skin. (AC +1)


Message History

You hit the hobgoblin but do no damage.
You feel sick. The goblin hits you with a +0 club.
The hobgoblin hits you but does no damage. x2
You barely miss the hobgoblin.
You feel sick.
You are no longer poisoned.
The hobgoblin hits you but does no damage.
The goblin hits you but does no damage. The hobgoblin closely misses you.
You hit the hobgoblin but do no damage. The hobgoblin barely misses you.
The goblin barely misses you. The hobgoblin hits you.
You hit the hobgoblin.
The hobgoblin is severely wounded.
The goblin hits you but does no damage. The hobgoblin hits you.
The hobgoblin barely misses you.
You hit the hobgoblin but do no damage.
The hobgoblin is severely wounded.
The goblin closely misses you.
The hobgoblin hits you but does no damage.
The hobgoblin hits you.
You hit the hobgoblin but do no damage.
The hobgoblin is heavily wounded.
The goblin hits you with a +0 club.
The hobgoblin hits you but does no damage.
The hobgoblin closely misses you.
You hit the hobgoblin.
You kill the hobgoblin!
The hobgoblin hits you.
You closely miss the goblin. The goblin closely misses you.
The hobgoblin barely misses you.
The hobgoblin hits you but does no damage.
You closely miss the goblin. The goblin hits you with a +0 club.
The hobgoblin hits you. x2
* * * LOW HITPOINT WARNING * * *
You closely miss the goblin. The goblin hits you with a +0 club.
* * * LOW HITPOINT WARNING * * *
The hobgoblin hits you.
* * * LOW HITPOINT WARNING * * *
The hobgoblin hits you.
* * * LOW HITPOINT WARNING * * *
The goblin hits you with a +0 club.
You die...

###..#####<.#........##......
#####....#
##.######....######.
......#..# .# ###......>..
......#..# .. #.#######.
.........# ##. #.# #..
.........## .# #.. ....#
..........# .# #.. ##..#
#######...########.###.. #..
#...gg)..#@g.....# #.
#..#####ggg#...### #
...).g.....gg# #.#
#..g.g...###### .# #........
......... .##g#.. # .


You could see 2 hobgoblins and 4 goblins.

Vanquished Creatures
  2 adders (D:2)
  A dart slug (D:1)
  An orc (D:3)
  4 bats
  An endoplasm (D:1)
  A giant cockroach (D:1)
  3 goblins
  5 hobgoblins
  4 kobolds
  A quokka (D:1)
  4 ball pythons
  4 rats
31 creatures vanquished.

Notes
Turn   | Place    | Note
-------+----------+-------------------------------------------
     0 | D:1      | Raikaria the Ogre Air Elementalist began the quest for the
                  | Orb.
     0 | D:1      | Reached XP level 1. HP: 16/16 MP: 3/3
   142 | D:1      | Reached skill level 1 in Conjurations
   241 | D:1      | Reached XP level 2. HP: 24/24 MP: 3/5
   502 | D:1      | Found a faded altar of an unknown god.
   534 | D:1      | Reached XP level 3. HP: 31/31 MP: 5/7
  1190 | D:2      | Identified the +1 dagger of the Oracle {freeze, rCorr Str+8
                  | Int-4 Stlth+}
  1292 | D:2      | Learned a level 3 spell: Swiftness
  1425 | D:2      | Noticed Robin
  1452 | D:2      | HP: 1/31 [hobgoblin[Robin] (3)]
  1452 | D:2      | Slain by a goblin

Illustrated notes

Levels and vault maps discovered:
D:1:      lightli_arrival_statuegarden, layout_loops_ring,
          ebering_ecumenical_altar_webs
D:2:      layout_rooms, serial_shops, nicolae_shop_just_a_little_nook,
          st_stairs_8, uniq_robin
D:3:      layout_rooms, serial_shops, nicolae_shop_competitors_out_of_business,
          uniq_grinder

Skill      XL: |  1  2  3 |
---------------+----------+-----
Conjurations   | 1 |  1.4
Air Magic      | 3 |  3.7
Spellcasting   | 3 |  3.0
Maces & Flails | |  0.1
Dodging        | |  1.7
Stealth        | |  1.4

Action                     || total
---------------------------++-------
  Melee: Whip              ||    30
   Cast: Shock             ||    52
 Armour: Robe              ||    14
  Dodge: Dodged            ||    34
